 Dungeon Crawl Stone Soup version 0.20-a0-1018-ge435b50 (webtiles) character file.

205 Krakonus1 the Poker (level 5, 0/50 HPs)
             Began as a Naga Fighter on Apr 16, 2017.
             Was an Initiate of Cheibriados.
             Slain by Grinder (7 damage)
             ... on level 5 of the Dungeon.
             The game lasted 00:13:03 (2941 turns).

Krakonus1 the Poker (Naga Fighter)                  Turns: 2941, Time: 00:13:04

Health: 0/50       AC:  9    Str: 18 (20) XL:     5   Next: 83%
Magic:  5/5        EV:  4    Int:  7 (9)  God:    Cheibriados [......]
Gold:   111        SH:  8    Dex: 12      Spells: 4/4 levels left

rFire    . . .     SeeInvis +   a - +0 trident
rCold    . . .     Gourm    .   c - +0 shield
rNeg     . . .     Faith    .   b - +0 scale mail
rPois    +         Spirit   .   (no helmet)
rElec    .         Reflect  .   m - +0 cloak
rCorr    .         Harm     .   (no gloves)
MR       .....     Clarity  +   (no barding)
Stlth    ..........             (no amulet)
Regen    0.2/turn               (no ring)
MPRegen  0.1/turn               (no ring)

@: lethally poisoned (0 -> -3), drained, very slow
A: rugged brown scales 1, slimy green scales 1, see invisible, clarity, deformed
body, poison resistance, slowness 2, slow metabolism 1, spit poison 1, evolution
1, AC +1
a: Spit Poison, Bend Time, Renounce Religion


You were on level 5 of the Dungeon.
You worshipped Cheibriados.
Cheibriados was noncommittal.
You were not hungry.

You visited 1 branch of the dungeon, and saw 5 of its levels.

You collected 111 gold pieces.

Inventory:

Hand Weapons
 a - a +0 trident (weapon)
Missiles
 n - 93 stones (quivered)
Armour
 b - a +0 scale mail (worn)
 c - a +0 shield (worn)
 m - a +0 cloak (worn)
Scrolls
 h - a scroll of magic mapping
 p - a scroll of remove curse
Comestibles
 f - 2 bread rations
 k - 3 meat rations


   Skills:
 - Level 3.0(2.3) Fighting
 + Level 5.9(5.1) Polearms
 - Level 2.4(1.7) Armour
 - Level 2.4(1.7) Shields


You had 4 spell levels left.
You didn't know any spells.

Dungeon Overview and Level Annotations

Branches:
Dungeon (6/15)
 Temple: D:4-7

Altars:
Cheibriados
Gozag

Shops:
D:2 *

Annotations:
D:3 sugabear's ghost, weakling DsTm
D:5 Grinder; Sigmund


Innate Abilities, Weirdness & Mutations

You cannot wear boots.
Your serpentine skin is tough. (AC +1)
You have supernaturally acute eyesight. (SInv)
Armour fits poorly on your strangely shaped body.
Your system is resistant to poisons. (rPois)
You cover ground very slowly.
You have a slow metabolism.
You can spit poison.
You are partially covered in rugged brown scales. (AC +1, +3% HP)
You are partially covered in slimy green scales. (AC +2)
You possess an exceptional clarity of mind.
You evolve.


Message History

Press: ? - help, Dir - move target cursor, f - Grinder
Aim: Grinder You reach to attack!
You closely miss Grinder.
You feel sick.
Grinder blinks!
You block the worker ant's attack. You block Grinder's attack.
Your scale mail prevents you from hitting Grinder.
You block the worker ant's attack.
The worker ant bites you but does no damage.
Grinder hits you!
* * * LOW HITPOINT WARNING * * *
You writhe in agony.
* * * LOW HITPOINT WARNING * * *
You puncture Grinder!
Grinder is lightly wounded.
You feel sick. The worker ant bites you.
* * * LOW HITPOINT WARNING * * *
You block Grinder's attack.
You puncture Grinder!
Grinder is moderately wounded.
You block the worker ant's attack. Grinder hits you!
You die...

### #... ...
#.. #.#
#..#####
#..a@5.#
#.####......
# #.... ##.


You could see Grinder and a worker ant.

Vanquished Creatures
  A crimson imp (D:6)
  An orc priest (D:6)
  An orc wizard (D:3)
  2 adders (D:2)
  An ooze (D:2)
  A worm (D:2)
  A dart slug (D:1)
  3 leopard geckos
  3 orcs (D:3)
  7 giant cockroaches
  13 goblins
  11 hobgoblins
  7 jackals
  4 kobolds
  7 bats
  2 frilled lizards
  7 rats
72 creatures vanquished.

Notes
Turn   | Place    | Note
-------+----------+-------------------------------------------
     0 | D:1      | Krakonus1 the Naga Fighter began the quest for the Orb.
     0 | D:1      | Reached XP level 1. HP: 21/21 MP: 1/1
   112 | D:1      | Reached XP level 2. HP: 16/28 MP: 2/2
   177 | D:1      | Reached skill level 3 in Polearms
   351 | D:1      | Reached XP level 3. HP: 29/34 MP: 3/3
   819 | D:2      | Found an opulent altar of Gozag.
   819 | D:2      | Found Gozag's Platinum Reserve.
   826 | D:2      | Reached skill level 4 in Polearms
   908 | D:2      | Reached XP level 4. HP: 38/42 MP: 4/4
  1916 | D:2      | Found a snail-covered altar of Cheibriados.
  1923 | D:2      | Became a worshipper of Cheibriados the Contemplative
  2112 | D:3      | Noticed sugabear's ghost (weakling DsTm)
  2112 | D:3      | Reached skill level 5 in Polearms
  2112 | D:3      | Reached XP level 5. HP: 22/49 MP: 5/5
  2234 | D:3      | Gained mutation: You are partially covered in slimy green scales. (AC +2) [potion of mutation]
  2234 | D:3      | Gained mutation: You possess an exceptional clarity of mind. [potion of mutation]
  2234 | D:3      | Gained mutation: You evolve. [potion of mutation]
  2234 | D:3      | Gained mutation: You are partially covered in rugged brown scales. (AC +1, +3% HP) [potion of mutation]
  2238 | D:3      | HP: 2/50 [orc/short sword of flaming (1)]
  2241 | D:3      | You fall through a shaft for 2 floors!
  2241 | D:5      | Entered Level 5 of the Dungeon
  2241 | D:5      | Noticed Sigmund
  2245 | D:5      | HP: 2/50 [Sigmund/magic dart (2)]
  2930 | D:5      | Noticed Grinder
  2941 | D:5      | Slain by Grinder

Vault maps used:
D:1:      dpeg_arrival_round_c, minivault_27
D:2:      old_standard_altar, serial_co_window_serial, co_window_corner_a,
          co_window_paths_b, co_window_paths_a, co_window_paths_a,
          co_window_paths_a, co_window_of_opportunity_a,
          co_window_unsneaky_path_e, co_window_of_opportunity_b,
          co_window_paths_c, co_window_corner_cb, co_window_corner_ca,
          co_window_of_opportunity_c, co_window_4corner_a, glass_columns_b,
          glass_columns_c, glass_columns_b, glass_columns_a,
          nicolae_gozag_zags_fifth_avenue
D:3:      minmay_goblin_kobold_castle, lightli_sewer_entry_pipes
D:5:      first_bread, uniq_blork_the_orc, uniq_grinder, uniq_sigmund
D:6:      basic_altar, hangedman_decor_points, doesnt_xom_only_xom

Skill      XL: |  1  2  3  4 |
---------------+-------------+-----
Polearms       | 3 4 5 |  5.9
Fighting       | |  3.0
Armour         | |  2.4
Shields        | |  2.4

Action                   |  1- 3 |  4- 6 || total
-------------------------+-------+-------++-------
Melee: Trident           |   148 |   168 ||   316
Throw: Stone             |       |    24 ||    24
Invok: Bend Time         |       |     1 ||     1
 Abil: Spit Poison       |       |     1 ||     1
  Use: Scroll            |       |     5 ||     5
       Potion            |       |     5 ||     5
  Eat: Chunk             |       |     4 ||     4
       Meat ration       |       |     1 ||     1
Armor: Scale mail        |    61 |    82 ||   143
Dodge: Dodged            |    26 |    32 ||    58
Block: Shield            |    61 |    60 ||   121
